 Dungeon Crawl Stone Soup version 0.31-a0-875-g02e7d12df6 (webtiles) character file.

Game seed: 11135101873099103246

724 Azuregosa the Covert (level 7, -5/47 HPs)
             Began as an Octopode Delver on Oct 12, 2023.
             Slain by an ogre
             ... wielding a +0 giant spiked club
              (17 damage)
             ... on level 5 of the Dungeon.
             The game lasted 00:18:03 (5387 turns).

Azuregosa the Covert (Octopode Delver)              Turns: 5387, Time: 00:18:03

Health: -5/47      AC:  8    Str: 11    XL:     7   Next: 71%
Magic:  7/7        EV: 12    Int: 14    God:
Gold:   191        SH:  4    Dex: 14    Spells: 6/6 levels left

rFire   . . .        e - +1 mace (protect)
rCold   . . .        m - +0 buckler
rNeg    . . .        (helmet restricted)
rPois   .            (no amulet)
rElec   .            (no ring)
rCorr   .            (no ring)
SInv    .            (no ring)
Will    .....        (no ring)
Stlth   ++++++       (no ring)
HPRegen 0.27/turn    (no ring)
MPRegen 0.10/turn    (no ring)
                     (no ring)

%: no passive effects
@: under a protective aura
A: almost no armour, amphibious, 8 rings, camouflage 1, gelatinous body 1,
(nimble swimmer 1), tentacles
a: no special abilities


You were on level 5 of the Dungeon.
You visited 1 branch of the dungeon, and saw 5 of its levels.

You collected 303 gold pieces.
You spent 112 gold pieces at shops.

Inventory:

Hand Weapons
 a - a +0 hand axe
 e - a +1 mace of protection (weapon)
 k - a +1 whip of venom
 p - a +0 dagger of electrocution
 v - the +9 whip of the Supporting Jester {drain, rN+ Int-5 Dex+2}
   (You found it on level 2 of the Dungeon)

   Int-5:     It affects your intelligence (-5).
   Dex+2:     It affects your dexterity (+2).
   rN+:       It protects you from negative energy.
 z - a +2 dagger of venom
Missiles
 y - 6 poisoned darts
Armour
 m - a +0 buckler (worn)
Jewellery
 l - a +6 ring of strength
Wands
 d - a wand of polymorph (4)
 f - a wand of digging (3)
Scrolls
 b - a scroll of fog
 c - a scroll of revelation
 g - 2 scrolls of poison {unknown}
 i - a scroll of enchant weapon {unknown}
 o - 2 scrolls of enchant armour {unknown}
 q - a scroll of vulnerability {unknown}
 s - 3 scrolls of identify {unknown}
 w - a scroll of noise {unknown}
 x - a scroll of brand weapon {unknown}
Potions
 h - a potion of heal wounds
 j - 2 potions of degeneration {unknown}
 n - a potion of attraction {unknown}
 r - a potion of mutation {unknown}
 t - a potion of invisibility {unknown}
 u - a potion of curing {unknown}


   Skills:
 + Level 3.9 Fighting
 - Level 2.0(2.5) Axes
 + Level 2.2(2.6) Maces & Flails
 - Level 2.0 Dodging
 + Level 11.9 Stealth
 + Level 1.9 Shields


You had 6 spell levels left.
You didn't know any spells.
Your spell library was empty.

Dungeon Overview and Level Annotations

Branches:
Dungeon (5/15)
 Temple: D:4-7

Altars:
Cheibriados

Shops:
D:1 *

Annotations:
D:3 1 runed translucent door, Natasha; Reshi88's ghost, amateur MiFi


Innate Abilities, Weirdness & Mutations

You cannot wear most types of armour.
You are amphibious.
You can wear up to eight rings at the same time.
Your skin changes colour to match your surroundings (Stealth+).
Your rubbery body absorbs attacks. (AC +1, EV +1)
((You are camouflaged when in or above water. (Stealth+)))
You have tentacles for arms and can constrict up to eight enemies at once.


Message History

You constrict the orc.
You feel sick. The orc misses you. x2
You hit the orc.
You kill the orc!
You feel sick.
You sock the orc!
You kill the orc!
You feel sick.
You start resting.
You feel sick. x2
You are no longer poisoned.
You start resting.
HP restored.
Items here: ))) [[ †.
z - a +2 dagger of venom A jelly comes into view.
An ogre comes into view. It is wielding a +0 giant spiked club.
The ogre shouts!
You hit the ogre.
Your weapon exudes an aura of protection.
The ogre is lightly wounded.
The ogre barely misses you.
You sock the ogre!
The ogre is heavily wounded.
You block the ogre's attack.
You hit the ogre.
The ogre is severely wounded.
The ogre hits you with a +0 giant spiked club!
You sock the ogre! Your squeeze misses the ogre.
The ogre is almost dead.
The ogre hits you with a +0 giant spiked club!
You hit the ogre but do no damage.
The ogre is almost dead.
You block the ogre's attack.
You hit the ogre. Your squeeze misses the ogre.
The ogre is almost dead.
The ogre hits you with a +0 giant spiked club!
* * * LOW HITPOINT WARNING * * *
You closely miss the ogre.
The ogre is almost dead.
The ogre hits you with a +0 giant spiked club!
You die...

.#..####..###......##..........
...####...........)÷......[....
...............................
.>..............###........J.....
................# #..............
................# ##...........#.
................## #..#...###....
................O# #..#..###.....
....o.......!...@###..#..##......
)..................#....##...#
........................)...#
..................#.....##..#
............#....## #....
.......!..........# #.....
.(...............# .####
.................# #
.................#


You could see an ogre.

Vanquished Creatures
  A black bear (D:4)
  An ogre (D:5)
  A scorpion (D:4)
  3 hounds (D:4)
  2 sleepcaps (D:4)
  Natasha (D:3)
  An iguana (D:5)
  3 orc wizards
  A mummy (D:4)
  3 gnolls (D:5)
  6 adders
  A shadow imp (D:5)
  An ufetubus (D:4)
  2 dart slugs
  2 worms
  5 orcs
  2 bats (D:2)
  11 endoplasms
  7 giant cockroaches
  7 goblins
  5 hobgoblins
  14 jackals
  A quokka (D:3)
  15 ball pythons
  5 frilled lizards
  5 kobolds
  7 rats
113 creatures vanquished.

Notes
Turn   | Place    | Note
-------+----------+-------------------------------------------
     0 | D:5      | Azuregosa the Octopode Delver began the quest for the Orb.
     0 | D:5      | Reached XP level 1. HP: 16/16 MP: 1/1
   103 | D:5      | Noticed a jelly
   215 | D:4      | Noticed a scorpion
   266 | D:4      | Noticed a hound
   270 | D:4      | Noticed a sleepcap
   329 | D:4      | Killed a scorpion
   330 | D:4      | Reached skill level 8 in Stealth
   330 | D:4      | Reached XP level 2. HP: 18/21 MP: 2/2
   330 | D:4      | Reached XP level 3. HP: 22/26 MP: 3/3
   330 | D:4      | Reached XP level 4. HP: 26/31 MP: 4/4
   739 | D:2      | Reached skill level 9 in Stealth
  1245 | D:1      | Reached XP level 5. HP: 36/36 MP: 5/5
  1257 | D:1      | Found Suoloz Itak's Assorted Antiques.
  1269 | D:1      | Bought a scroll labelled GUSOYX DIEFI for 31 gold pieces
  1269 | D:1      | Bought a coppery potion for 27 gold pieces
  1269 | D:1      | Bought a ruby potion for 27 gold pieces
  1269 | D:1      | Bought a smoky silvery potion for 27 gold pieces
  1664 | D:2      | Identified the +9 whip of the Supporting Jester {drain, rN+
                  | Int-5 Dex+2}
  2056 | D:3      | Noticed Natasha
  2089 | D:3      | Killed Natasha
  2090 | D:3      | Reached skill level 10 in Stealth
  2094 | D:3      | Noticed Natasha
  2117 | D:3      | You fall into a shaft and drop 2 floors!
  2370 | D:5      | Noticed an ogre
  2375 | D:5      | Killed an ogre
  2376 | D:5      | Reached skill level 11 in Stealth
  2376 | D:5      | Reached XP level 6. HP: 24/42 MP: 6/6
  2386 | D:4      | Noticed a black bear
  2397 | D:4      | HP: 2/42 [black bear (2)]
  2593 | D:3      | Noticed Reshi88's ghost (amateur MiFi)
  2608 | D:3      | Found a runed translucent door.
  3507 | D:3      | Identified the +3 leather armour of the Distant Future
                  | {Int+3}
  4110 | D:4      | Reached skill level 1 in Maces & Flails
  4114 | D:4      | Killed a black bear
  4115 | D:4      | Reached XP level 7. HP: 22/46 MP: 7/7
  4397 | D:4      | Reached skill level 1 in Shields
  4540 | D:4      | Found a snail-covered altar of Cheibriados.
  5387 | D:5      | Slain by an ogre

Illustrated notes

Levels and vault maps discovered:
D:1:      minmay_arrival_diagonal_passages, layout_loops_cross, serial_shops,
          nicolae_shop_tiny_glass
D:2:      layout_basic, minivault_11, grunt_ministairs_12, minmay_tetromino_i4
D:3:      layout_basic, serial_glass, glass_columns_a, glass_columns_b,
          hellmonk_ghost_happy_afterlife, minmay_gold_behind_fungi,
          due_unseen_surprise, uniq_natasha
D:4:      layout_loops_corners, chei_slow_surprise
D:5:      layout_layer_cave, grunt_gozag_breadcrumbs,
          mainiacjoe_overflow_six_doors_small

Skill      XL: |  1  2  3  4  5  6  7 |
---------------+----------------------+-----
Stealth        | 8 9 11 | 11.9
Maces & Flails | 1 2 |  2.2
Shields        | 1 |  1.9
Fighting       | |  3.9
Axes           | |  2.0
Dodging        | |  2.0

Action                     |  1- 3 |  4- 6 |  7- 9 || total
---------------------------+-------+-------+-------++-------
  Melee: Hand axe          |     4 |     7 |       ||    11
         Constrict         |     1 |    41 |    16 ||    58
         Tentacles         |     1 |    24 |    15 ||    40
         Whip              |       |   133 |       ||   133
         Punch             |       |     2 |       ||     2
         Unarmed           |       |    10 |       ||    10
         Mace              |       |    21 |    69 ||    90
    Use: Scroll            |       |     1 |       ||     1
         Potion            |       |     1 |     2 ||     3
   Stab: Sleeping          |       |    40 |     8 ||    48
         Distracted        |       |     1 |     1 ||     2
 Armour: Skin              |     1 |    72 |    38 ||   111
  Dodge: Dodged            |     4 |    65 |    34 ||   103
  Block: Buckler           |       |    20 |    12 ||    32

Table legend: (Time is in decaauts)
 A = Elapsed time spent in this place.
 B = Non-inter-level travel time spent in this place.
 C = Inter-level travel time spent in this place.
 D = Time resting spent in this place.
 E = Time spent auto-exploring this place.
 F = Levels seen in this place.
 G = Mean time per level.
                   A        B        C        D        E       F      G
               +--------+--------+--------+--------+--------+-----+--------+
         Total |   5416 |   5334 |     82 |   1130 |   2571 |   5 | 1083.2 |
       Dungeon |   5416 |   5334 |     82 |   1130 |   2571 |   5 | 1083.2 |
               +--------+--------+--------+--------+--------+-----+--------+

Top non-repeatable levels by time:
     D:4: 1511 daAuts
     D:2: 1296 daAuts
     D:3: 1277 daAuts
     D:5: 678 daAuts
     D:1: 652 daAuts
